 Dungeon Crawl Stone Soup version 0.27.1-1-g398f81649c (webtiles) character file.

Game seed: 14990261094289391289

9 pokedragonboy the Magician (level 2, 22/22 HPs)
             Began as a Djinni Conjurer on Sept 11, 2021.
             Quit the game on level 1 of the Dungeon.
             The game lasted 00:00:58 (269 turns).

pokedragonboy the Magician (Djinni Conjurer)         Turns: 269, Time: 00:00:58

Health: 22/22      AC:  2    Str:  6    XL:     2   Next: 20%
Gold:   12         EV: 12    Int: 19    God:
                   SH:  0    Dex: 11

rFire    + + .     SeeInvis .   (no weapon)
rCold    x . .     Faith    .   (no shield)
rNeg     . . .     Spirit   .   a - +0 robe
rPois    ∞         Reflect  .   (no helmet)
rElec    .         Harm     .   (no cloak)
rCorr    .         Rampage  .   (no gloves)
Will     .....                  (boots unavailable)
Stlth    ++........             (no amulet)
HPRegen  0.07/turn              (no ring)
MPRegen  0.00/turn              (no ring)

@: flying
A: sickness immunity, fire resistance 2, cold vulnerability 1, float, innate
caster, hp casting, extra vitality 1
a: no special abilities


You were on level 1 of the Dungeon.
You visited 1 branch of the dungeon, and saw 1 of its levels.

You collected 12 gold pieces.

Inventory:

Armour
 a - a +0 robe (worn)
Scrolls
 c - a scroll of blinking {unknown}
 d - a scroll of amnesia {unknown}
 e - a scroll of enchant weapon {unknown}
Potions
 b - a potion of flight {unknown}


   Skills:
 + Level 0.4 Fighting
 - Level 2.1 Dodging
 - Level 1.5 Stealth
 * Level 3.5 Spellcasting


You couldn't memorise any spells.
You knew the following spells:

 Your Spells              Type           Power      Damage    Failure   Level
a - Magic Dart            Conj           64%        1d6       3%          1
b - Searing Ray           Conj           32%        3d4       4%          2
c - Dazzling Flash        Conj/Hex       32%        N/A       10%         3
d - Fulminant Prism       Conj/Hex       8%         3d7       32%         4
e - Iskenderun's Mystic   Conj/Tloc      16%        2d5       32%         4
Your spell library was empty.

Dungeon Overview and Level Annotations

Branches:
Dungeon (1/15)

Altars:


Innate Abilities, Weirdness & Mutations

You are immune to sickness and miasma.
You are immune to poison.
Your flesh is very heat resistant. (rF++)
You are vulnerable to cold. (rC-)
You float through the air rather than walking.
You learn spells naturally, not from books.
Your magical power is your life essence.
You have superior vitality. (+4 HP)


Message History

Press: ? - help, Shift-Dir - straight line, f/p - endoplasm
Aim: an endoplasm (lightly wounded, 100% to hit)
The magic dart hits the endoplasm.
You kill the endoplasm!
You have reached level 2!
A ball python comes into view.
A ball python is nearby!
Casting: Magic Dart (safe; 3% risk of failure)
Confirm with . or Enter, or press ? or * to list all spells.
Aiming: Magic Dart (safe; 3% risk of failure)
Press: ? - help, Shift-Dir - straight line, f - ball python
Aim: a ball python (100% to hit)
The magic dart hits the ball python.
You kill the ball python!
Casting: Magic Dart (safe; 3% risk of failure)
Confirm with . or Enter, or press ? or * to list all spells.
You don't know that spell.
An endoplasm comes into view.
Casting: Magic Dart (safe; 3% risk of failure)
Confirm with . or Enter, or press ? or * to list all spells.
Aiming: Magic Dart (safe; 3% risk of failure)
Press: ? - help, Shift-Dir - straight line, f - endoplasm
Aim: an endoplasm (asleep, 100% to hit)
The magic dart hits the endoplasm.
The endoplasm is almost dead.
The endoplasm quivers.
Casting: Magic Dart (safe; 3% risk of failure)
Confirm with . or Enter, or press ? or * to list all spells.
Aiming: Magic Dart (safe; 3% risk of failure)
Press: ? - help, Shift-Dir - straight line, f/p - endoplasm
Aim: an endoplasm (almost dead, 100% to hit)
The magic dart hits the endoplasm.
You kill the endoplasm!
Found 8 sling bullets.
Found a stone staircase leading down.
Unknown command.
Saving game... please wait.
Welcome back, pokedragonboy the Djinni Conjurer.
Press ? for a list of commands and other information.
Are you sure you want to abandon this character and quit the game? (Confirm with "yes".)

....######...###
..#.............
...............>
............... .......
#.............
........##.............
.#........#.............
.#........#.....@.......
..........####..###...(.
..........#.......#. ...
..........#........... .
......................
...........#####+#....
...........# ....
..........## ...
..........# ..


There were no monsters in sight!

Vanquished Creatures
  2 ball pythons (D:1)
  3 endoplasms (D:1)
  A kobold (D:1)
  A bat (D:1)
  A rat (D:1)
8 creatures vanquished.

Notes
Turn   | Place    | Note
-------+----------+-------------------------------------------
     0 | D:1      | pokedragonboy the Djinni Conjurer began the quest for the
                  | Orb.
     0 | D:1      | Reached XP level 1. HP: 15/15 MP: 0/0
   195 | D:1      | Reached XP level 2. HP: 19/21 MP: 0/0
   269 | D:1      | Quit the game

Illustrated notes

Levels and vault maps discovered:
D:1:      minmay_arrival_jagged, layout_basic

Action                   || total
-------------------------++-------
 Cast: Magic Dart        ||    12
